 Dungeon Crawl Stone Soup version 0.19-b1-4-gd8a0a2a (webtiles) character file.

154 Chiseanne the Charlatan (level 5, 0/41 HPs)
             Began as a Mummy Artificer on Oct 30, 2016.
             Slain by a bullfrog (7 damage)
             ... on level 3 of the Dungeon.
             The game lasted 00:10:20 (8246 turns).

Chiseanne the Charlatan (Mummy Artificer)           Turns: 8246, Time: 00:10:20

Health: 0/41       AC:  4    Str: 15    XL:     5   Next: 13%
Magic:  7/7        EV: 12    Int: 12    God:
Gold:   113        SH:  0    Dex: 12    Spells: 0 memorised, 4 levels left

rFire  x . .     SeeInvis .     s - +0 dagger (venom)
rCold  + . .     Gourm    .     b - +0 leather armour
rNeg   + + +     Faith    .     (no shield)
rPois  ∞         Spirit   .     (no helmet)
rElec  .         Reflect  .     (no cloak)
rCorr  .         Harm     .     q - +0 pair of gloves
MR     .....                    (no boots)
Stlth  ..........               (no amulet)
                                o - ring of loudness (curse)
                                m - ring of flight

@: no status effects
A: no food or potions, fire vulnerability, cold resistance 1, negative energy
resistance 3, torment resistance, unbreathing
a: Evoke Flight


You were on level 3 of the Dungeon.
You were not hungry.

You visited 1 branch of the dungeon, and saw 4 of its levels.

You collected 113 gold pieces.

Inventory:

Hand Weapons
 a - a +0 quarterstaff
 s - a +0 dagger of venom (weapon)
Missiles
 g - 26 arrows
 h - 12 poisoned needles
 j - 65 bolts
 k - 117 stones (quivered)
 l - 14 sling bullets
Armour
 b - a +0 leather armour (worn)
 q - a +0 pair of gloves (worn)
Jewellery
 f - an uncursed ring of ice
 m - a ring of flight (left hand)
 o - a cursed ring of loudness (right hand)
Wands
 c - a wand of flame (4/48)
 d - a wand of enslavement (22/24)
 e - a wand of random effects (13/48)
Scrolls
 i - 3 scrolls of identify
 n - a scroll of remove curse
 p - a scroll of fog


   Skills:
 * Level 3.1 Fighting
 - Level 0.7 Short Blades
 * Level 2.8 Dodging
 - Level 0.7 Stealth
 * Level 3.3 Evocations


You had 4 spell levels left.
You didn't know any spells.

Dungeon Overview and Level Annotations

Branches:
Dungeon (4/15)
 Temple: D:4-7

Altars:
Elyvilon
Fedhas
Okawaru
Trog
Yredelemnul

Annotations:
D:4 Pikel


Innate Abilities, Weirdness & Mutations

You do not eat or drink.
Your flesh is vulnerable to fire.
You are immune to poison.
Your flesh is cold resistant. (rC+)
You are immune to negative energy. (rN+++)
You are immune to unholy pain and torment.
You can survive without breathing.


Message History

The bullfrog closely misses you.
You hit the bullfrog.
The bullfrog is heavily wounded.
The bullfrog closely misses you. The bullfrog hits you.
* * * LOW HITPOINT WARNING * * *
Wield which item (- for none, * to show all)? (? for menu, Esc to quit)
Your +0 dagger of venom begins to drip with poison!
s - a +0 dagger of venom (weapon)
The bullfrog hits you but does no damage.
You barely miss the bullfrog.
The bullfrog is heavily wounded.
The bullfrog completely misses you.
You miss the bullfrog.
The bullfrog is heavily wounded.
The bullfrog barely misses you.
You hit the bullfrog.
The bullfrog is poisoned.
The bullfrog is severely wounded.
The bullfrog hits you but does no damage.
The bullfrog hits you!
You die...

#..#.......#...#.# #.....##.# #
..###......###.#.###.#......# #
.## #####..# #.[............# #
.# ##.....#######.#.#......#
#####..###.........>........#
......## ##'##..##.###......#
...#######≈≈≈#...#.# ###....####
...#####.+≈≈≈+†..F.# ##..#...##
.......#.#≈≈≈#..@..## ##.).....#
######...##+##......####.........
###.)........#.##.÷.#.......
#.....>....#..#.###.÷.....
########..........##..#..#
################.>..........###..
............[.....).......#..#..#
################.........###...##
##.....)#..#..#..#


You could see a bullfrog.

Vanquished Creatures
  A slave (D:3)
  A bullfrog zombie (D:3)
  4 adders
  An ooze (D:3)
  5 worms
  2 dart slugs (D:3)
  2 leopard geckos
  4 bats
  7 giant cockroaches
  7 goblins
  6 hobgoblins
  9 jackals
  5 kobolds
  A quokka (D:2)
  3 frilled lizards
  11 rats
  A spectral orc (D:3)
70 creatures vanquished.

Vanquished Creatures (collateral kills)
  A hobgoblin (D:1)
  A frilled lizard (D:3)
2 creatures vanquished.

Vanquished Creatures (others)
  An orc (D:3)
1 creature vanquished.

Grand Total: 73 creatures vanquished

Notes
Turn   | Place    | Note
-------+----------+-------------------------------------------
     0 | D:1      | Chiseanne the Mummy Artificer began the quest for the Orb.
     0 | D:1      | Reached XP level 1. HP: 15/15 MP: 2/2
   199 | D:1      | Reached XP level 2. HP: 19/21 MP: 3/3
   804 | D:2      | Found a blossoming altar of Fedhas.
  1220 | D:2      | Reached XP level 3. HP: 21/27 MP: 5/5
  1311 | D:2      | You fall through a shaft!
  1323 | D:3      | Found a faded altar of an unknown god.
  1995 | D:2      | Found a white marble altar of Elyvilon.
  2762 | D:3      | Reached XP level 4. HP: 28/34 MP: 6/6
  3191 | D:3      | Noticed a moth of wrath
  3218 | D:3      | Found a bloodstained altar of Trog.
  3446 | D:3      | Found a blossoming altar of Fedhas.
  3446 | D:3      | Found an iron altar of Okawaru.
  3478 | D:3      | Found a basalt altar of Yredelemnul.
  3676 | D:4      | Noticed a slave
  3681 | D:4      | Noticed Pikel
  3682 | D:4      | Noticed a slave
  3704 | D:3      | Killed a slave
  7971 | D:3      | Reached XP level 5. HP: 25/41 MP: 7/7
  8246 | D:3      | Slain by a bullfrog

Skill      XL: |  1  2  3  4 |
---------------+-------------+-----
Dodging        | 2 |  2.8
Fighting       | 2 3 |  3.1
Evocations     | 3 |  3.3
Short Blades   | |  0.7
Stealth        | |  0.7

Action                   |  1- 3 |  4- 6 || total
-------------------------+-------+-------++-------
Melee: Short sword       |   148 |    17 ||   165
       Quarterstaff      |       |   102 ||   102
       Hand axe          |       |    22 ||    22
       Dagger            |       |     3 ||     3
Evoke: Wand              |    11 |     4 ||    15
  Use: Scroll            |     9 |       ||     9
 Stab: Sleeping          |     2 |       ||     2
Armor: Leather armour    |    44 |    44 ||    88
Dodge: Dodged            |    93 |   117 ||   210
